 Dungeon Crawl Stone Soup version 0.31-a0-271-gb88eb75 (webtiles) character file.

Game seed: 10968142426542128512

1597 lyrin the Trooper (level 8, -9/72 HPs)
             Began as an Ogre Wanderer on July 14, 2023.
             Was a Follower of Hepliaklqana.
             Mangled by a troll (16 damage)
             ... on level 6 of the Dungeon.
             The game lasted 00:10:55 (7181 turns).

lyrin the Trooper (Ogre Wanderer)                   Turns: 7181, Time: 00:10:55

Health: -9/72      AC:  5    Str: 17    XL:     8   Next: 93%
Magic:  14/14      EV: 10    Int: 13    God:    Hepliaklqana [*.....]
Gold:   398        SH:  0    Dex:  7    Spells: 10/15 levels left

rFire   + . .        l - +6 whip "Killer Klown's Peril" {heavy, Will+ Dex-3 Stlth+}
rCold   x . .        (no shield)
rNeg    . . .        c - +2 robe
rPois   .            (helmet restricted)
rElec   .            (no cloak)
rCorr   .            (gloves unavailable)
SInv    .            (boots unavailable)
Will    +....        (no amulet)
Stlth   ++           j - ring of fire
HPRegen 0.32/turn    (no ring)
MPRegen 0.14/turn

%: no passive effects
@: no status effects
A: reduced essence, large, unfitting armour, tough skin 1
a: Renounce Religion, Recall Ancestor, Ancestor Identity


You were on level 6 of the Dungeon.
You worshipped Hepliaklqana.
Hepliaklqana was aware of your devotion.
You visited 2 branches of the dungeon, and saw 7 of its levels.

You collected 398 gold pieces.

Inventory:

Hand Weapons
 l - the +6 whip "Killer Klown's Peril" (weapon) {heavy, Will+ Dex-3 Stlth+}
   (You found it on level 2 of the Dungeon)

   Dex:       It affects your dexterity (-3).
   Will:      It increases your willpower.
   Stlth:     It makes you more stealthy.
Missiles
 b - 32 poisoned darts (quivered)
 o - 2 throwing nets
 u - 3 datura-tipped darts
Armour
 c - a +2 robe (worn)
Jewellery
 j - a ring of fire (left hand)
Wands
 s - a wand of roots (1)
Scrolls
 a - a scroll of noise {unknown}
 d - 5 scrolls of fear
 h - a scroll of torment {unknown}
 i - 3 scrolls of revelation {unknown}
 k - a scroll of fog {unknown}
 m - a scroll of vulnerability {unknown}
 r - a scroll of amnesia {unknown}
 t - 2 scrolls of identify {unknown}
 v - a scroll of blinking {unknown}
Potions
 e - a potion of mutation {unknown}
 f - 3 potions of heal wounds {unknown}
 g - a potion of lignification {unknown}
 n - 2 potions of attraction {unknown}
 p - a potion of curing {unknown}
 q - a potion of enlightenment {unknown}
 w - a potion of resistance {unknown}
 x - a potion of invisibility {unknown}


   Skills:
 + Level 5.6 Fighting
 - Level 0.4 Short Blades
 + Level 5.5 Maces & Flails
 - Level 2.0 Polearms
 - Level 1.4 Throwing
 - Level 4.0 Dodging
 - Level 1.4 Stealth
 - Level 4.0 Spellcasting
 * Level 3.3 Conjurations
 - Level 1.0 Necromancy
 * Level 3.2 Fire Magic
 * Level 1.2 Invocations
 - Level 1.0 Evocations


You had 10 spell levels left.
You knew the following spells:

 Your Spells              Type           Power      Damage    Failure   Level
a - Necrotise             Necr           20%        1d5       14%         1
b - Sticky Flame          Conj/Fire      16%        2d4       47%         4

Your spell library contained the following spells:

 Spells                   Type           Power      Damage    Failure   Level
 Summon Small Mammal      Summ           8%         N/A       21%         1
 Dazzling Flash           Conj/Hex       12%        N/A       32%         3
 Inner Flame              Hex/Fire       10%        N/A       32%         3
 Volatile Blastmotes      Fire/Tloc      20%        2d11      32%         3
 Vampiric Draining        Necr           5%         2d6       38%         3
 Flame Wave               Conj/Fire      16%        2d7       47%         4
 Call Canine Familiar     Summ           2%         N/A       52%         3
 Summon Guardian Golem    Hex/Summ       2%         N/A       52%         3
 Agony                    Necr           5%         N/A       98%         5
 Starburst                Conj/Fire      8%         6d4       100%        6
 Maxwell's Capacitive Co  Air            1%         ∞         100%        8


Dungeon Overview and Level Annotations

Branches:
Dungeon (6/15)             Temple (1/1) D:4

Altars:
Ashenzari
Cheibriados
Dithmenos
Fedhas
Hepliaklqana
Kikubaaqudgha
Nemelex Xobeh
Okawaru
Qazlal
Ru
Sif Muna
Trog
Vehumet
Wu Jian
Yredelemnul
Zin

Shops:
D:4 =


Innate Abilities, Weirdness & Mutations

Your life essence is reduced to manifest your ancestor. (-10% HP)
You are too large for most types of armour.
You have tough skin. (AC +1)


Message History

You throw a poisoned dart. The poisoned dart hits the troll.
The troll is poisoned.
The troll shouts!
Throw: 35 darts (poison)
Press: ? - help, Q - select action, (/) - cycle Shift-Dir - straight line, f/p - troll
Aim: a troll (lightly wounded, poisoned, ally target, 50% to hit)
You throw a poisoned dart. The poisoned dart hits the troll.
The troll looks even sicker.
The troll is lightly wounded.
Throw: 34 darts (poison)
Press: ? - help, Q - select action, (/) - cycle Shift-Dir - straight line, f/p - troll
Aim: a troll (very poisoned, ally target, 50% to hit)
You throw a poisoned dart. The poisoned dart hits the troll.
Unknown command.
Throw: 33 darts (poison)
Press: ? - help, Q - select action, (/) - cycle Shift-Dir - straight line, f/p - troll
Aim: a troll (lightly wounded, very poisoned, ally target, 50% to hit)
You throw a poisoned dart.
The poisoned dart closely misses the troll.
Unknown command.
The troll bites you! The troll claws you. x2
You barely miss the troll. The troll bites you!
The troll claws you but does no damage. The troll claws you.
Eideard hits the troll.
You barely miss the troll.
The troll is lightly wounded.
The troll completely misses you. The troll claws you.
The troll closely misses you.
Eideard hits the troll.
The troll bites you!
* * * LOW HITPOINT WARNING * * *
The troll claws you.
* * * LOW HITPOINT WARNING * * *
The troll barely misses you.
Eideard hits the troll.
You whack the troll!
The troll is heavily wounded.
The troll closely misses you. x2; The troll claws you.
* * * LOW HITPOINT WARNING * * *
Eideard hits the troll but does no damage.
Unknown command.
You swap places.
The troll bites you!
You die...

. .. .##.
#.#.### ...
.(. #.# .(# #
#.# #.# .
#.#.###T# #.#
#.#...@R#
#...#.#[#####
..#.....##<#
.....>[.[..#
...####)####
##......#
#.#.#### #


You could see the friendly Eideard the ancestor and a troll (poisoned, ally
target).

Vanquished Creatures
  Eustachio (D:4)
  A water moccasin (D:5)
  An ice beast (D:5)
  2 ogres (D:5)
  A centaur (D:5)
  A phantom (D:5)
  Blork the orc (D:5)
  A bullfrog (D:6)
  A gnoll sergeant (D:5)
  3 scorpions
  2 orc priests
  3 hounds (D:5)
  An iron imp (D:5)
  2 orc wizards
  5 gnolls
  5 adders
  8 river rats (D:5)
  A shadow imp (D:6)
  2 worms (D:4)
  A dart slug (D:2)
  13 orcs
  7 ball pythons
  3 endoplasms
  A giant cockroach (D:3)
  6 goblins
  10 hobgoblins
  4 jackals
  9 quokkas
  12 bats
  11 frilled lizards
  9 kobolds
  13 rats
141 creatures vanquished.

Vanquished Creatures (collateral kills)
  An orc wizard (D:6)
  An ancestor (D:5)
  2 gnolls (D:5)
  A rat (D:5)
5 creatures vanquished.

Vanquished Creatures (others)
  2 ancestors
2 creatures vanquished.

Grand Total: 148 creatures vanquished

Notes
Turn   | Place    | Note
-------+----------+-------------------------------------------
     0 | D:1      | lyrin the Ogre Wanderer began the quest for the Orb.
     0 | D:1      | lyrin set off with the following items: a +0 dagger, 9
                  | poisoned darts, a +2 robe, a scroll of fear; and the
                  | following spell memorised: Necrotise; and the following
                  | spells available to memorise: Vampiric Draining.
     0 | D:1      | Reached XP level 1. HP: 16/16 MP: 3/3
   569 | D:1      | Reached XP level 2. HP: 22/24 MP: 5/5
  1140 | D:2      | Reached XP level 3. HP: 31/32 MP: 7/7
  1553 | D:2      | Reached skill level 1 in Polearms
  1593 | D:1      | Reached skill level 1 in Fighting
  2169 | D:1      | Reached XP level 4. HP: 39/41 MP: 8/8
  2243 | D:2      | Identified the +6 whip "Killer Klown's Peril" {heavy, Will+
                  | Dex-3 Stlth+}
  2725 | D:2      | Found a faded altar of an unknown god.
  2845 | D:2      | Reached XP level 5. HP: 32/49 MP: 9/9
  3017 | D:2      | Reached skill level 1 in Maces & Flails
  3250 | D:3      | Learned a level 4 spell: Sticky Flame
  3733 | D:4      | You fall into a shaft and drop 1 floor!
  3733 | D:5      | Entered Level 5 of the Dungeon
  3739 | D:5      | Noticed an ice beast
  3746 | D:5      | Noticed a phantom
  3765 | D:5      | Killed a phantom
  3766 | D:5      | Reached skill level 1 in Fire Magic
  3766 | D:5      | Reached XP level 6. HP: 27/59 MP: 10/10
  3896 | D:5      | Killed an ice beast
  3897 | D:5      | Reached skill level 1 in Conjurations
  4129 | D:5      | Found a blossoming altar of Fedhas.
  4144 | D:5      | Noticed Blork the orc
  4180 | D:4      | Found a shadowy altar of Dithmenos.
  4191 | D:4      | Found a staircase to the Ecumenical Temple.
  4208 | Temple   | Entered the Ecumenical Temple
  4221 | Temple   | Became a worshipper of Hepliaklqana the Forgotten
  4262 | D:4      | Found an ancient bone altar of Kikubaaqudgha.
  4334 | D:4      | Reached XP level 7. HP: 67/67 MP: 12/12
  4457 | D:4      | Found Lepi's Jewellery Shoppe.
  4563 | D:4      | Noticed Eustachio
  4574 | D:4      | Killed Eustachio
  4699 | D:4      | Found a sparkling altar of Nemelex Xobeh.
  4732 | D:4      | Found an ornate altar of the Wu Jian Council.
  5041 | D:5      | Killed Blork the orc
  5232 | D:5      | Reached * piety under Hepliaklqana
  5710 | D:5      | Reached XP level 8. HP: 69/70 MP: 14/14
  5935 | D:5      | Found a snail-covered altar of Cheibriados.
  5967 | D:5      | Found a radiant altar of Vehumet.
  6589 | D:5      | Reached skill level 5 in Fighting
  6589 | D:5      | Reached skill level 5 in Maces & Flails
  7007 | D:6      | Reached skill level 1 in Invocations
  7172 | D:6      | Noticed a troll
  7181 | D:6      | Mangled by a troll

Illustrated notes

Levels and vault maps discovered:
D:1:      dpeg_arrival_brainrot, layout_loops_corners
D:2:      layout_basic, shapermc_ecumenical_altar_hornbeckon,
          amcnicky_mini_pool_small, minmay_misc_feat_plants, minmay_lizard_king
D:3:      layout_rooms, roderic_batcave
D:4:      layout_gridville, nemelex_spade_bored_becter, lemuel_doored_altar,
          lemuel_coloured_pillars_altar, lemuel_round_altar,
          minmay_temple_entry_hall, serial_shops, shop, minmay_distorted,
          uniq_eustachio
D:5:      lemuel_ratsnest, layout_layer_cave,
          mainiacjoe_overflow_six_doors_small, fedhas_ov_isle_minmay,
          slow_altar_1, minmay_hedge_maze, kennysheep_doodads,
          chequers_serial_rivers_room_a, uniq_blork_the_orc
D:6:      layout_basic, mainiacjoe_overflow_paths, serial_shops,
          nicolae_shop_stone, gammafunk_ghost_grave, minmay_misc_feat_doors,
          nicolae_fountain_basement
Temple:   hellmonk_temple_rainy

Skill      XL: |  1  2  3  4  5  6  7  8 |
---------------+-------------------------+-----
Dodging        | 3 4 |  4.0
Polearms       | 1 2 |  2.0
Fighting       | 1 2 3 4 5 |  5.6
Maces & Flails | 2 3 5 |  5.5
Spellcasting   | 3 4 |  4.0
Fire Magic     | 1 2 3 |  3.2
Conjurations   | 1 2 3 |  3.3
Invocations    | 1 |  1.2
Short Blades   | |  0.4
Throwing       | |  1.4
Stealth        | |  1.4
Necromancy     | |  1.0
Evocations     | |  1.0

Action                     |  1- 3 |  4- 6 |  7- 9 || total
---------------------------+-------+-------+-------++-------
  Melee: Dagger            |    13 |       |       ||    13
         Spear             |   138 |     3 |       ||   141
         Punch             |     1 |     1 |     1 ||     3
         Whip              |       |   123 |   174 ||   297
  Throw: Dart              |     3 |     5 |     8 ||    16
    Use: Scroll            |     1 |       |       ||     1
   Stab: Sleeping          |     5 |     4 |     6 ||    15
         Distracted        |       |     1 |       ||     1
 Armour: Robe              |    46 |    81 |    72 ||   199
  Dodge: Dodged            |    73 |   108 |   129 ||   310

Table legend: (Time is in decaauts)
 A = Elapsed time spent in this place.
 B = Non-inter-level travel time spent in this place.
 C = Inter-level travel time spent in this place.
 D = Time resting spent in this place.
 E = Time spent auto-exploring this place.
 F = Levels seen in this place.
 G = Mean time per level.
                   A        B        C        D        E       F      G
               +--------+--------+--------+--------+--------+-----+--------+
         Total |   7324 |   7079 |    245 |   1887 |   3696 |   7 | 1046.3 |
       Dungeon |   7300 |   7064 |    236 |   1887 |   3695 |   6 | 1216.7 |
        Temple |     23 |     14 |      9 |      0 |      1 |   1 |   23.0 |
               +--------+--------+--------+--------+--------+-----+--------+

Top non-repeatable levels by time:
     D:5: 2394 daAuts
     D:1: 1871 daAuts
     D:2: 1329 daAuts
     D:4: 1192 daAuts
     D:3: 446 daAuts
     D:6: 66 daAuts
  Temple: 23 daAuts
